SNL (28 & UNDER)
WEST VIRGINIA POWER @ MEMPHIS BLUES
09/02/2030
 
TOP OF THE 1ST
West Virginia Power batting - Pitching for Memphis Blues : RHP Chris Jennings
Pitching: RHP Chris Jennings
Batting: RHB Matt Tucker 0-0: Bunt for hit - play at first, batter OUT! 5-3
Batting: RHB Nick Mackin 0-0: Foul Ball, location: 2F
0-1: Swinging Strike
0-2: Fly out, F9 (Line Drive, 9)
Batting: RHB Joe Salas 0-0: Ball
1-0: Foul Ball, location: 2F
1-1: Called Strike
1-2: Foul Ball, location: 2F
1-2: Ball
2-2: Fly out, F8 (Flyball, 8LD)
Top of the 1st over - 0 runs, 0 hits, 0 errors, 0 left on base; West Virginia 0 - Memphis 0
BOTTOM OF THE 1ST
Memphis Blues batting - Pitching for West Virginia Power : RHP Steve Pérez
Pitching: RHP Steve Pérez
Batting: RHB Albert Morán 0-0: Foul Ball, location: 2F
0-1: Ball
1-1: Foul Ball, location: 2F
1-2: Ball
2-2: Foul Ball, location: 2F
2-2: Foul Ball, location: 2F
2-2: Strikes out swinging
Batting: RHB Brandon Townsley 0-0: Called Strike
0-1: Ball
1-1: Swinging Strike
1-2: Foul Ball, location: 2F
1-2: Strikes out swinging
Batting: RHB Ryan Nelson 0-0: Ball
1-0: Swinging Strike
1-1: Ground out 4-3 (Groundball, 4MS)
Bottom of the 1st over - 0 runs, 0 hits, 0 errors, 0 left on base; West Virginia 0 - Memphis 0
TOP OF THE 2ND
West Virginia Power batting - Pitching for Memphis Blues : RHP Chris Jennings
Batting: SHB Patrizio Batistuta 0-0: Ball
1-0: Ground out 5-3 (Groundball, 25)
Batting: RHB Millard Walker 0-0: Foul Ball, location: 2F
0-1: Ground out 5-3 (Groundball, 5L)
Batting: LHB Wilson Turner 0-0: Ball
1-0: Called Strike
1-1: Ball
2-1: Fly out, F2 (Popup, 15S)
Top of the 2nd over - 0 runs, 0 hits, 0 errors, 0 left on base; West Virginia 0 - Memphis 0
BOTTOM OF THE 2ND
Memphis Blues batting - Pitching for West Virginia Power : RHP Steve Pérez
Batting: RHB Julian Lee 0-0: Ball
1-0: Reached on error, E5 (Groundball, 56)
Batting: SHB Hang-ki Yue 0-0: Ball
1-0: Ground out 5-3 (Groundball, 5S)
Julian Lee to third
Batting: SHB Fernando Gutiérrez 0-0: Ball
1-0: Swinging Strike
1-1: Foul Ball, location: 2F
1-2: Fly out, F8 (Flyball, 8LS)
Runner from 3rd tags up, SCORES, no throw
Batting: LHB Freddy Torres 0-0: Called Strike
0-1: Ball
1-1: Foul Ball, location: 2F
1-2: Ground out 3-1 (Groundball, 34)
Bottom of the 2nd over - 1 run, 0 hits, 1 error, 0 left on base; West Virginia 0 - Memphis 1
TOP OF THE 3RD
West Virginia Power batting - Pitching for Memphis Blues : RHP Chris Jennings
Batting: RHB Luis Árias 0-0: Ball
1-0: Foul Ball, location: 2F
1-1: Ball
2-1: Ground out 6-3 (Groundball, 6)
Batting: RHB Will Stafford 0-0: Ball
1-0: Ball
2-0: Called Strike
2-1: Called Strike
2-2: SINGLE (Line Drive, 78S)
Batting: RHB Juan Carlos Ramos 0-0: Called Strike
0-1: Ball
1-1: Ball
2-1: Grounds into double play, 6-4-3 (Groundball, 56)
Top of the 3rd over - 0 runs, 1 hit, 0 errors, 0 left on base; West Virginia 0 - Memphis 1
BOTTOM OF THE 3RD
Memphis Blues batting - Pitching for West Virginia Power : RHP Steve Pérez
Batting: RHB Miguel Mendoza 0-0: Called Strike
0-1: Ball
1-1: Ball
2-1: Fly out, F7 (Line Drive, 7S)
Batting: LHB Armando Domínguez 0-0: Fly out, F7 (Flyball, 7LSF)
Batting: RHB Albert Morán 0-0: Ball
1-0: Called Strike
1-1: Ground out 3-1 (Groundball, 34S)
Bottom of the 3rd over - 0 runs, 0 hits, 0 errors, 0 left on base; West Virginia 0 - Memphis 1
TOP OF THE 4TH
West Virginia Power batting - Pitching for Memphis Blues : RHP Chris Jennings
Batting: RHB Matt Tucker 0-0: Ground out 1-3 (Groundball, 13S)
Batting: RHB Nick Mackin 0-0: Called Strike
0-1: Ball
1-1: Ball
2-1: Ball
3-1: Fly out, F3 (Popup, 34)
Batting: RHB Joe Salas 0-0: Ball
1-0: Fly out, F7 (Flyball, 7D)
Top of the 4th over - 0 runs, 0 hits, 0 errors, 0 left on base; West Virginia 0 - Memphis 1
BOTTOM OF THE 4TH
Memphis Blues batting - Pitching for West Virginia Power : RHP Steve Pérez
Batting: RHB Brandon Townsley 0-0: Swinging Strike
0-1: Ball
1-1: Called Strike
1-2: Foul Ball, location: 2F
1-2: Ball
2-2: Ball
3-2: Ground out 4-3 (Groundball, 4)
Batting: RHB Ryan Nelson 0-0: Called Strike
0-1: Ball
1-1: Called Strike
1-2: Ball
2-2: Strikes out looking
Batting: RHB Julian Lee 0-0: Foul Ball, location: 2F
0-1: Ground out U3 (Groundball, 3L)
Bottom of the 4th over - 0 runs, 0 hits, 0 errors, 0 left on base; West Virginia 0 - Memphis 1
TOP OF THE 5TH
West Virginia Power batting - Pitching for Memphis Blues : RHP Chris Jennings
Batting: SHB Patrizio Batistuta 0-0: Ball
1-0: Ball
2-0: Called Strike
2-1: Ball
3-1: Foul Ball, location: 2F
3-2: Strikes out looking
Batting: RHB Millard Walker 0-0: Called Strike
0-1: Ball
1-1: Fly out, F9 (Flyball, 89D)
Batting: LHB Wilson Turner 0-0: Fly out, F9 (Line Drive, 9D)
Top of the 5th over - 0 runs, 0 hits, 0 errors, 0 left on base; West Virginia 0 - Memphis 1
BOTTOM OF THE 5TH
Memphis Blues batting - Pitching for West Virginia Power : RHP Steve Pérez
Batting: SHB Hang-ki Yue 0-0: Called Strike
0-1: Swinging Strike
0-2: Ball
1-2: SINGLE (Line Drive, 89S)
Batting: SHB Fernando Gutiérrez 0-0: Ball
1-0: Ball
2-0: Ball
3-0: Called Strike
3-1: SINGLE (Line Drive, 78S)
Hang-ki Yue to second
Batting: LHB Freddy Torres 0-0: Ball
Wild Pitch!
Hang-ki Yue to third
Fernando Gutiérrez to second
1-0: Intentional Walk
Batting: RHB Miguel Mendoza 0-0: Called Strike
0-1: Swinging Strike
0-2: Strikes out swinging
Batting: LHB Armando Domínguez 0-0: Fly out, F3 (Line Drive, 3)
Lined into DP, U3 (Line Drive, 3)
Bottom of the 5th over - 0 runs, 2 hits, 0 errors, 2 left on base; West Virginia 0 - Memphis 1
TOP OF THE 6TH
West Virginia Power batting - Pitching for Memphis Blues : RHP Chris Jennings
Batting: RHB Luis Árias 0-0: Swinging Strike
0-1: Ball
1-1: Swinging Strike
1-2: Foul Ball, location: 2F
1-2: Ground out 6-3 (Groundball, 6)
Batting: RHB Will Stafford 0-0: Called Strike
0-1: Foul Ball, location: 2F
0-2: Ground out 6-3 (Groundball, 6)
Batting: RHB Juan Carlos Ramos 0-0: Called Strike
0-1: Foul Ball, location: 2F
0-2: Ground out 5-3 (Groundball, 56S)
Top of the 6th over - 0 runs, 0 hits, 0 errors, 0 left on base; West Virginia 0 - Memphis 1
BOTTOM OF THE 6TH
Memphis Blues batting - Pitching for West Virginia Power : RHP Steve Pérez
Batting: RHB Albert Morán 0-0: Called Strike
0-1: Ball
1-1: Ball
2-1: Ground out U3 (Groundball, 3L)
Batting: RHB Brandon Townsley 0-0: SOLO HOME RUN (Flyball, 7LD), Distance : 357 ft
Batting: RHB Ryan Nelson 0-0: Called Strike
0-1: Ball
1-1: Called Strike
1-2: Ball
2-2: SINGLE (Line Drive, 89S)
Batting: RHB Julian Lee 0-0: Called Strike
0-1: Ball
1-1: Ball
2-1: Ball
3-1: DOUBLE (Line Drive, 9LD)
Ryan Nelson to third
Runner from 3rd tries for Home, SAFE, no throw
Pitching: RHP Albert Scott
Batting: SHB Hang-ki Yue 0-0: Ball
1-0: Fly out, F4 (Line Drive, 4)
Lined into DP, 4-6 (Line Drive, 4)
Bottom of the 6th over - 2 runs, 3 hits, 0 errors, 0 left on base; West Virginia 0 - Memphis 3
TOP OF THE 7TH
West Virginia Power batting - Pitching for Memphis Blues : RHP Chris Jennings
Batting: RHB Matt Tucker 0-0: Ground out 4-3 (Groundball, 4)
Batting: RHB Nick Mackin 0-0: Ball
1-0: Ball
2-0: Fly out, F3 (Popup, 3SF)
Batting: RHB Joe Salas 0-0: Called Strike
0-1: Ball
1-1: Ball
2-1: Called Strike
2-2: Fly out, F8 (Flyball, 8RM)
Top of the 7th over - 0 runs, 0 hits, 0 errors, 0 left on base; West Virginia 0 - Memphis 3
BOTTOM OF THE 7TH
Memphis Blues batting - Pitching for West Virginia Power : RHP Albert Scott
Batting: SHB Fernando Gutiérrez 0-0: Ball
1-0: Ball
2-0: Ball
3-0: Called Strike
3-1: Base on Balls
Batting: LHB Freddy Torres 0-0: Ball
1-0: Ball
2-0: Ball
3-0: Called Strike
3-1: Called Strike
3-2: Base on Balls
Fernando Gutiérrez to second
Batting: RHB Miguel Mendoza 0-0: Called Strike
0-1: Ball
1-1: SINGLE (Line Drive, 6MD)
Fernando Gutiérrez to third
Freddy Torres to second
Runner from 3rd tries for Home, throw and OUT!
Freddy Torres to third
Miguel Mendoza to second
Batting: LHB Armando Domínguez 0-0: Foul Ball, location: 2F
0-1: 3-RUN HOME RUN (Flyball, 9D), Distance : 383 ft
Batting: RHB Albert Morán 0-0: Ball
1-0: Ball
2-0: Foul Ball, location: 2F
2-1: Ball
3-1: Fly out, F9 (Flyball, 9)
Batting: RHB Brandon Townsley 0-0: Ball
1-0: Ball
2-0: Foul Ball, location: 2F
2-1: Ball
3-1: Foul Ball, location: 2F
3-2: Base on Balls
Batting: RHB Ryan Nelson 0-0: Called Strike
0-1: Foul Ball, location: 2F
0-2: Strikes out swinging
Bottom of the 7th over - 3 runs, 2 hits, 0 errors, 1 left on base; West Virginia 0 - Memphis 6
TOP OF THE 8TH
West Virginia Power batting - Pitching for Memphis Blues : RHP Chris Jennings
Now at 1B: Wilson Flores
Now at 2B: José Velásquez
Batting: SHB Patrizio Batistuta 0-0: Called Strike
0-1: Swinging Strike
0-2: Ball
1-2: Strikes out looking
Batting: RHB Millard Walker 0-0: Swinging Strike
0-1: Foul Ball, location: 2F
0-2: Strikes out swinging
Batting: LHB Wilson Turner 0-0: Ball
1-0: Called Strike
1-1: Swinging Strike
1-2: Foul Ball, location: 2F
1-2: Ball
2-2: Ball
3-2: Base on Balls
Batting: RHB Luis Árias 0-0: Ball
1-0: Ball
2-0: Ball
3-0: Called Strike
3-1: Fly out, F8 (Flyball, 8RD)
Top of the 8th over - 0 runs, 0 hits, 0 errors, 1 left on base; West Virginia 0 - Memphis 6
BOTTOM OF THE 8TH
Memphis Blues batting - Pitching for West Virginia Power : RHP Albert Scott
Batting: RHB Julian Lee 0-0: Fly out, F4 (Line Drive, 4)
Batting: SHB Hang-ki Yue 0-0: Ball
1-0: Called Strike
1-1: Foul Ball, location: 2F
1-2: Fly out, F9 (Flyball, 9D)
Batting: SHB Fernando Gutiérrez 0-0: Ball
1-0: Ball
2-0: Foul Ball, location: 2F
2-1: Foul Ball, location: 2F
2-2: Ground out 4-3 (Groundball, 4S)
Bottom of the 8th over - 0 runs, 0 hits, 0 errors, 0 left on base; West Virginia 0 - Memphis 6
TOP OF THE 9TH
West Virginia Power batting - Pitching for Memphis Blues : RHP Chris Jennings
Now at C: Guy Morrison
Batting: RHB Will Stafford 0-0: Ball
1-0: Called Strike
1-1: Called Strike
1-2: Ground out 5-3 (Groundball, 5)
Batting: RHB Juan Carlos Ramos 0-0: Ball
1-0: SINGLE (Groundball, 4D)
Batting: RHB Matt Tucker 0-0: Fly out, F8 (Line Drive, 8RD)
Batting: RHB Nick Mackin 0-0: Ball
1-0: Ball
2-0: Called Strike
2-1: Swinging Strike
2-2: Strikes out swinging
Top of the 9th over - 0 runs, 1 hit, 0 errors, 1 left on base; West Virginia 0 - Memphis 6
Saturday, April 7th, 2018 - OOTP Baseball 18.8 Build 76